Map: Jagannatha LE

Players

Topspin

  • Race: Protoss Protoss
  • League: Master
  • Spawn Location: 7:00

Heeebster - Winner!

  • Race: Protoss Protoss
  • League: Diamond
  • Spawn Location: 1:00

VOD

Have the link to the VOD?

Description

Time

  • Played on: Nov. 17, 2020, 12:26 p.m.
  • Length: 5:42
Show
View Real Time Build Order
Export as new Build Order

Topspin Protoss 

Build Orders:  

Get SALT Encoding   

  12  0:01  Probe  
  13  0:13  Probe  
  14  0:19  Pylon  
  14  0:25  Probe  
  15  0:37  Probe (Chrono Boost)  
  15  0:42  Gateway  
  16  0:49  Assimilator  
  17  0:50  Probe (Chrono Boost)  
  17  0:55  Probe (Chrono Boost)  
  18  1:04  Probe  
  19  1:05  Assimilator  
  19  1:13  Gateway  
  19  1:16  Probe  
  20  1:29  Cybernetics Core  
  20  1:31  Probe  
  21  1:40  Pylon  
  21  1:43  Probe  
  22  1:55  Probe  
  23  2:05  Stalker x2 (Chrono Boost)  
  23  2:07  Warp Gate, Probe  
  28  2:29  Pylon  
  28  2:30  Stalker (Chrono Boost)  
  28  2:31  Stalker (Chrono Boost)  
  31  2:45  Pylon  
  31  2:52  Twilight Council  
  31  3:03  Probe  
  30  3:33  Nexus  
  28  3:35  Shield Battery  
  23  3:48  Probe  
  24  4:00  Probe  
  23  4:05  Stalker  
  21  4:19  Probe (Chrono Boost)  
  22  4:31  Stalker, Probe (Chrono Boost)  
  23  4:35  Probe (Chrono Boost)  
  23  4:46  Probe (Chrono Boost)  
  20  4:55  Probe (Chrono Boost)  
  20  4:58  Probe (Chrono Boost)  
  21  5:06  Probe x2 (Chrono Boost)  
  23  5:17  Probe x2  
  17  5:30  Stalker  
Show
View Real Time Build Order
Export as new Build Order

Heeebster Protoss - Winner!

Build Orders: Oracle Opening 

Get SALT Encoding   

  12  0:00  Probe  
  13  0:12  Probe  
  14  0:18  Pylon  
  14  0:25  Probe  
  15  0:37  Gateway  
  15  0:39  Probe (Chrono Boost)  
  16  0:47  Assimilator  
  16  0:48  Probe (Chrono Boost)  
  17  0:53  Assimilator  
  17  0:55  Probe  
  18  1:07  Probe  
  19  1:19  Probe  
  20  1:29  Cybernetics Core  
  20  1:31  Probe  
  21  1:34  Pylon  
  21  1:40  Pylon  
  21  1:43  Probe  
  22  1:55  Probe  
  23  2:05  Stalker (Chrono Boost), Stargate  
  23  2:08  Warp Gate  
  25  2:27  Stalker  
  27  2:42  Gateway  
  27  2:44  Gateway  
  27  2:49  Oracle (Chrono Boost)  
  27  2:57  Gateway  
  30  3:16  Oracle (Chrono Boost)  
  33  3:47  Oracle  
  36  3:56  Pylon  
  36  3:57  Stalker  
  36  4:01  Pylon  
  36  4:13  Stalker  
  38  4:17  Stalker  
  40  4:27  Void Ray (Chrono Boost)  
  44  4:53  Stalker  
  44  4:54  Stalker  
  44  4:56  Zealot x2  
  48  5:40  Stalker x3  
  48  5:41  Stalker  
Tags
 
Matchup
PvP
Replay Pack
Replays
Spawn Locations
Cross Positions
Add a new tag
Caveats
  • Supply blocks, unpowered buildings, or Contaminate may cause inaccurate times.
  • Supply counts are checked every 10 seconds.